 Dungeon Crawl Stone Soup version 0.25-a0-100-g33052ceff8 (webtiles) character file.

Game seed: 9085575130071293812, levelgen mode: deterministic

519 Minion the Covert (level 7, 0/45 HPs)
             Began as an Octopode Assassin on Nov 15, 2019.
             Killed by divine providence
             ... invoked by an orc priest
              (10 damage)
             ... on level 4 of the Dungeon.
             The game lasted 00:09:19 (4602 turns).

Minion the Covert (Octopode Assassin)               Turns: 4602, Time: 00:09:20

Health: 0/45       AC:  1    Str: 10    XL:     7   Next: 21%
Magic:  7/7        EV: 15    Int: 13    God:
Gold:   194        SH:  0    Dex: 16    Spells: 6/6 levels left

rFire    . . .     SeeInvis .   a - +2 dagger
rCold    . . .     Gourm    .   (no shield)
rNeg     . . .     Faith    +   (helmet restricted)
rPois    .         Spirit   .   h - amulet of faith
rElec    .         Reflect  .   (no ring)
rCorr    .         Harm     .   (no ring)
MR       .....                  (no ring)
Stlth    +++++.....             (no ring)
HPRegen  0.15/turn              (no ring)
MPRegen  0.10/turn              (no ring)
                                (no ring)
                                (no ring)

@: no status effects
A: almost no armour, stealthy swim, amphibious, 8 rings, constrict 8, camouflage
1, mutation resistance 1, gelatinous body 1, subdued magic 1
a: no special abilities


You were on level 4 of the Dungeon.
You were not hungry.

You visited 1 branch of the dungeon, and saw 4 of its levels.

You collected 194 gold pieces.

Inventory:

Hand Weapons
 a - a +2 dagger (weapon)
Missiles
 b - 8 poisoned darts (quivered)
 c - 10 curare-tipped darts
Jewellery
 h - an amulet of faith (around mantle)
Scrolls
 e - a scroll of blinking {unknown}
 i - 3 scrolls of magic mapping {unknown}
 j - a scroll of fear {unknown}
 l - a scroll of noise {unknown}
 m - 2 scrolls of identify {unknown}
 p - 2 scrolls of fog {unknown}
 q - a scroll of enchant weapon {unknown}
 r - a scroll of amnesia {unknown}
 s - 2 scrolls of remove curse {unknown}
Potions
 f - a potion of degeneration
 g - a potion of mutation
 n - a potion of curing
 o - 2 potions of haste {unknown}
Comestibles
 d - 4 rations


   Skills:
 - Level 2.0 Fighting
 + Level 4.6 Short Blades
 - Level 2.0 Throwing
 + Level 4.3 Dodging
 + Level 8.1 Stealth


You had 6 spell levels left.
You didn't know any spells.
Your spell library contained the following spells:

 Spells                   Type           Power        Failure   Level  Hunger
 Confusing Touch          Hex            #.....       26%         1    ##.....
 Confuse                  Hex            #.......     63%         3    ####...
 Gell's Gravitas          Tloc           #.........   63%         3    ####...
 Petrify                  Tmut/Erth      #.......     96%         4    #####..
 Metabolic Englaciation   Hex/Ice        #.........   100%        5    ######.
 Yara's Violent Unravell  Hex/Tmut       #.........   100%        5    ######.


Dungeon Overview and Level Annotations

Branches:
Dungeon (4/15)
 Temple: D:4-7

Altars:
Ashenzari
Okawaru

Shops:
D:4 =

Annotations:
D:3 1 runed translucent door, Crazy Yiuf


Innate Abilities, Weirdness & Mutations

You cannot wear most types of armour.
You are very stealthy in the water. (Stealth+)
You are amphibious.
You can wear up to eight rings at the same time.
You can use your tentacles to constrict eight enemies at once.
Your skin changes colour to match your surroundings (Stealth+).
Your rubbery body absorbs attacks. (AC +1, EV +1)
You are somewhat resistant to further mutation.
Your spells are a little easier to cast, but a little less powerful.


Message History

Found a whip.
You start resting.
The ogre is too close now for your liking.
The orc hits you but does no damage. The orc hits you with a +0 mace.
* * * LOW HITPOINT WARNING * * *
You hit the orc. Your grab misses the orc.
The orc is moderately wounded.
The orc hits you with a +0 mace.
* * * LOW HITPOINT WARNING * * *
You hit the orc but do no damage. Your grab misses the orc.
You squeeze the orc.
You kill the orc!
You start resting.
The orc priest is too close now for your liking.
The orc priest looks satisfied for a moment.
An orc comes into view. It is wielding a +0 club.
The orc priest mumbles some strange prayers to Beogh against you.
Beogh smites you!
You die...

#.................%.............
#.#......############...........
###.......≈≈≈≈≈≈≈≈≈.#.........?.
######..≈≈o≈.≈≈≈l...#o###
##.≈≈≈≈≈≈≈≈≈.......#
....############.....#
#......................#
#...?............########
#O.........o.@...#
#................#
#.......$.....)..#
#................#
#.............)..#
#..............##
##)....##.....## ##############


You could see an orc priest.

Vanquished Creatures
  Menkaure (D:4)
  A phantom (D:3)
  A howler monkey (D:3)
  A jelly (D:3)
  A centaur skeleton (D:4)
  7 adders
  10 oozes (D:3)
  A worm (D:3)
  3 dart slugs
  2 leopard geckos
  5 orcs
  11 bats
  6 giant cockroaches
  6 goblins
  11 hobgoblins
  7 jackals
  10 kobolds
  3 ball pythons
  3 frilled lizards
  6 rats
96 creatures vanquished.

Vanquished Creatures (others)
  9 toadstools (D:3)
9 creatures vanquished.

Grand Total: 105 creatures vanquished

Notes
Turn   | Place    | Note
-------+----------+-------------------------------------------
     0 | D:1      | Minion the Octopode Assassin began the quest for the Orb.
     0 | D:1      | Reached XP level 1. HP: 14/14 MP: 1/1
    61 | D:1      | Reached XP level 2. HP: 10/19 MP: 2/2
   959 | D:2      | Reached XP level 3. HP: 17/24 MP: 3/3
  1418 | D:2      | Reached skill level 6 in Stealth
  1454 | D:2      | Reached XP level 4. HP: 29/29 MP: 4/4
  1590 | D:2      | Found an iron altar of Okawaru.
  2157 | D:3      | Found a runed translucent door.
  2158 | D:3      | Noticed Crazy Yiuf
  2305 | D:3      | Found a shattered altar of Ashenzari.
  2365 | D:3      | Reached XP level 5. HP: 12/34 MP: 5/5
  2650 | D:3      | Gained mutation: Your spells are a little easier to cast,
                  | but a little less powerful. [potion of mutation]
  2650 | D:3      | Gained mutation: You are somewhat resistant to further
                  | mutation. [potion of mutation]
  3057 | D:3      | Reached skill level 7 in Stealth
  3643 | D:3      | Reached XP level 6. HP: 35/39 MP: 6/6
  3681 | D:4      | Noticed Menkaure
  3702 | D:4      | Killed Menkaure
  3964 | D:4      | Noticed a phantom
  4234 | D:3      | Killed a phantom
  4234 | D:3      | Reached skill level 8 in Stealth
  4234 | D:3      | Reached XP level 7. HP: 12/45 MP: 7/7
  4459 | D:4      | Found Keter's Jewellery Shop.
  4515 | D:4      | HP: 1/45 [orc priest/divine providence (10)]
  4602 | D:4      | Killed from afar by an orc priest

Levels and vault maps discovered:
D:1:      dpeg_arrival_tiny_j, layout_basic
D:2:      layout_loops_corners, okawaru_gym_becter
D:3:      cheibrodos_fertilizer, layout_loops_ring, ashenzari_altar_1,
          first_ration, uniq_crazy_yiuf_cottage
D:4:      wander_river, layout_rooms, portal_sewer_entry_f, serial_shops,
          shop_fountains, uniq_menkaure

Skill      XL: |  1  2  3  4  5  6 |
---------------+-------------------+-----
Dodging        | 2 3 4 |  4.3
Stealth        | 6 7 8 |  8.1
Short Blades   | 3 4 |  4.6
Fighting       | |  2.0
Throwing       | |  2.0

Action                   |  1- 3 |  4- 6 |  7- 9 || total
-------------------------+-------+-------+-------++-------
Melee: Dagger            |    56 |   195 |    13 ||   264
       Constrict         |    17 |    28 |     2 ||    47
       Tentacles         |     8 |    29 |     2 ||    39
  Use: Potion            |       |     6 |     2 ||     8
 Stab: Sleeping          |     6 |    15 |       ||    21
       Distracted        |       |     1 |       ||     1
  Eat: Chunk             |     2 |     5 |     1 ||     8
       Ration            |       |     1 |       ||     1
Armor: Skin              |     1 |    18 |     2 ||    21
Dodge: Dodged            |    29 |   120 |    13 ||   162

Table legend:
 A = Non-vault XP
 B = Vault XP
 C = Vault XP percentage of total XP
 D = Non-vault monster count
 E = Vault monster count
 F = Vault count percentage of total count
                 A         B        C        D         E       F
            +---------+---------+-------+---------+---------+-------
      Total |     454 |     288 |  38.8 |      79 |      17 |  17.7
            +---------+---------+-------+---------+---------+-------
        D:1 |      27 |       0 |   0.0 |      12 |       0 |   0.0
        D:2 |      92 |       0 |   0.0 |      29 |       0 |   0.0
        D:3 |     286 |     114 |  28.5 |      34 |      15 |  30.6
        D:4 |      49 |     174 |  78.0 |       4 |       2 |  33.3
            +---------+---------+-------+---------+---------+-------
